 Dungeon Crawl Stone Soup version 0.23.0-2-g0fe3ce5 (webtiles) character file.

Game seed: 1205350731334987718

52326 ohad the Black Belt (level 14, -12/118 HPs)
             Began as an Octopode Transmuter on Feb 19, 2019.
             Was the Champion of Okawaru.
             Mangled by an eight-headed hydra (14 damage)
             ... on level 6 of the Lair of Beasts.
             The game lasted 00:59:59 (17196 turns).

ohad the Black Belt (Octopode Transmuter)          Turns: 17196, Time: 01:00:00

Health: -12/118    AC: 18    Str:  9    XL:     14   Next: 63%
Magic:  20/28      EV: 19    Int: 24    God:    Okawaru [******]
Gold:   971        SH:  0    Dex: 13    Spells: 2/20 levels left

rFire    x . .     SeeInvis +     - Unarmed
rCold    + + +     Gourm    .   (shield currently unavailable)
rNeg     . . .     Faith    .   (helmet currently unavailable)
rPois    +         Spirit   .   q - amulet of regeneration
rElec    .         Reflect  .   e - ring of see invisible
rCorr    +         Harm     .   o - +4 ring of intelligence
MR       +....                  G - ring of magical power
Stlth    +++++.....             T - ring of resist corrosion
HPRegen  0.69/turn              D - +4 ring of protection
MPRegen  0.21/turn              (no ring)
                                (no ring)
                                (no ring)

@: icy armour, about to teleport, ice-form, heroism, very slightly contaminated,
slowed, very slow
A: large, almost no armour, stealthy swim, amphibious, 8 rings, (constrict 8)
a: End Transformation, Heroism, Finesse, Renounce Religion


You were on level 6 of the Lair of Beasts.
You worshipped Okawaru.
Okawaru was exalted by your worship.
You were hungry.
You were a creature of crystalline ice.
You visited 2 branches of the dungeon, and saw 17 of its levels.
You also visited: Sewer and Ice Cave.

You collected 1377 gold pieces.
You spent 406 gold pieces at shops.

Inventory:

Hand Weapons
 g - a +0 blowgun
 v - a +1 scimitar of flaming
 y - a +2 dagger of electrocution
Missiles
 a - 203 arrows
 s - 16 curare-tipped needles
 u - 4 javelins (quivered)
 E - 3 javelins of returning
 I - 3 throwing nets
Armour
 R - a +2 hat (melded)
 X - a +1 hat of magic resistance
Jewellery
 e - a ring of see invisible (left front paw)
 o - a +4 ring of intelligence (right front paw)
 q - an amulet of regeneration (around neck)
 D - a +4 ring of protection (on tentacle)
 G - a ring of magical power (on tentacle)
 S - a cursed amulet of inaccuracy {unknown}
 T - a ring of resist corrosion (on tentacle)
 Z - an uncursed ring of ice
Wands
 p - a wand of polymorph (8)
 w - a wand of scattershot (6)
 J - a wand of iceblast (30)
 K - a wand of clouds (5)
Scrolls
 b - 3 scrolls of teleportation
 k - 3 scrolls of magic mapping
 l - 2 scrolls of immolation {unknown}
 n - 8 scrolls of remove curse
 t - 3 scrolls of fear {unknown}
 x - 3 scrolls of fog {unknown}
 z - 3 scrolls of enchant weapon
 H - a scroll of amnesia {unknown}
 L - 2 scrolls of enchant armour
 Q - a scroll of brand weapon
 U - 2 scrolls of noise {unknown}
Potions
 d - 4 potions of flight
 f - 3 potions of brilliance
 h - 3 potions of lignification
 i - 2 potions of berserk rage
 j - 5 potions of ambrosia
 m - 14 potions of curing
 r - 2 potions of resistance
 A - a potion of might
 B - 3 potions of heal wounds
 C - a potion of mutation
 F - 2 potions of invisibility
 O - a potion of haste
Miscellaneous
 M - a fan of gales
 W - a lamp of fire
 Y - a sack of spiders
Comestibles
 c - 28 rations
 V - 3 chunks of flesh


   Skills:
 - Level 10.8(15.8) Fighting
 - Level 10.5(15.5) Dodging
 - Level 8.0(13.0) Stealth
 + Level 15.1(20.1) Unarmed Combat
 - Level 3.6 Spellcasting
 - Level 4.2 Charms
 - Level 8.0 Transmutations
 - Level 4.3 Ice Magic
 - Level 7.8 Invocations


You had 2 spell levels left.
You knew the following spells:

 Your Spells              Type           Power        Failure   Level  Hunger
a - Beastly Appendage     Tmut           #####.       1%          1    None
b - Sticks to Snakes      Tmut           #####...     1%          2    #......
c - Spider Form           Tmut/Pois      ###.......   6%          3    ###....
d - Ice Form              Ice/Tmut       ####....     8%          4    ####...
e - Blade Hands           Tmut           #####.....   11%         5    ######.
f - Ozocubu's Armour      Chrm/Ice       ####....     5%          3    ###....

Your spell library contained the following spells:

 Spells                   Type           Power        Failure   Level  Hunger
 Freeze                   Ice            ####         1%          1    None
 Ensorcelled Hibernation  Hex/Ice        ##....       6%          2    #......
 Throw Frost              Conj/Ice       ##....       6%          2    #......
 Confusing Touch          Hex            #.....       11%         1    None
 Magic Dart               Conj           #...         11%         1    None
 Sting                    Conj/Pois      #...         11%         1    None
 Poisonous Vapours        Pois/Air       #.....       16%         2    #......
 Searing Ray              Conj           #.....       16%         2    #......
 Petrify                  Tmut/Erth      ###.....     21%         4    ####...
 Confuse                  Hex            #.......     30%         3    ###....
 Dazzling Spray           Conj/Hex       #.....       30%         3    ###....
 Gell's Gravitas          Tloc           #.........   30%         3    ###....
 Mephitic Cloud           Conj/Pois/Air  #.......     30%         3    ###....
 Summon Ice Beast         Ice/Summ       ##......     38%         4    ####...
 Throw Icicle             Conj/Ice       ##......     38%         4    ####...
 Yara's Violent Unravell  Hex/Tmut       ###.......   50%         5    ######.
 Force Lance              Conj/Tloc      #.......     71%         4    ####...
 Fulminant Prism          Conj/Hex       #.........   71%         4    ####...
 Iskenderun's Mystic Bla  Conj           #.......     71%         4    ####...
 Olgreb's Toxic Radiance  Pois           #.......     71%         4    ####...
 Metabolic Englaciation   Hex/Ice        ##........   75%         5    ######.
 Ozocubu's Refrigeration  Ice            ####......   95%         6    #######
 Borgnjor's Vile Clutch   Necr/Erth      #.........   96%         5    ######.
 Silence                  Hex/Air        #.........   96%         5    ######.
 Venom Bolt               Conj/Pois      #.........   96%         5    ######.
 Bolt of Cold             Conj/Ice       ##........   100%        6    #######
 Darkness                 Hex            #.........   100%        6    #######
 Freezing Cloud           Conj/Ice/Air   ##........   100%        6    #######
 Shadow Creatures         Summ           N/A          100%        6    #######
 Simulacrum               Ice/Necr       ##........   100%        6    #######


Dungeon Overview and Level Annotations

Branches:
Dungeon (11/15)            Temple (0/1) D:4            Lair (6/6) D:11
  Swamp (0/4) Lair:4        Snake (0/4) Lair:3          Orc (0/2) D:9
  Slime: Lair:5-6

Altars:
Ashenzari
Dithmenos
Elyvilon
Kikubaaqudgha
Nemelex Xobeh
Okawaru
Qazlal
Ru
Trog
Xom
Yredelemnul
Zin

Shops:
D:5 [:(*:

Annotations:
Lair:6 1 transporter, exclusion: 4 oklob plants


Innate Abilities, Weirdness & Mutations

You cannot wear most types of armour.
You are very stealthy in the water. (Stealth+)
You are amphibious.
You can wear up to eight rings at the same time.
((You can use your tentacles to constrict eight enemies at once.))
((Your skin changes colour to match your surroundings (Stealth+).))
((Your rubbery body absorbs attacks. (AC +1, EV +1)))


Message History

The eight-headed hydra bites you.
* * * LOW HITPOINT WARNING * * *
The eight-headed hydra bites you but does no damage. x2
The bullfrog hits you.
* * * LOW HITPOINT WARNING * * *
Unknown command.
You punch the eight-headed hydra!
The eight-headed hydra seems to slow down.
You freeze the eight-headed hydra.
The eight-headed hydra is moderately wounded.
The black mamba misses you. The spiny frog closely misses you.
The black mamba closely misses you. The eight-headed hydra bites you!
* * * LOW HITPOINT WARNING * * *
The eight-headed hydra bites you!
* * * LOW HITPOINT WARNING * * *
The eight-headed hydra closely misses you.
The eight-headed hydra bites you but does no damage.
The eight-headed hydra closely misses you.
The eight-headed hydra bites you!
You die...

≈≈≈≈≈≈≈ ≈≈≈≈≈≈
#............. ≈≈≈#
≈.#............. .†≈#
≈≈.≈.......$..... .F≈#
≈≈≈≈≈.........w... SF##
##≈≈.≈.............
≈≈≈P##≈≈≈.P.............
#≈≈≈≈#≈≈≈......DS......#
#≈≈≈≈≈≈≈......tFY).....#
#≈≈≈≈≈≈≈.≈.....F...$..##
.≈≈≈≈≈≈..............#.
.≈≈.≈≈..............©#.
# ≈P≈P.≈≈...##..#.#..#.
## ≈≈≈≈P....P########.##
≈#.P≈≈P.≈....# # ..#
###≈≈≈......##.##.. .#
≈≈#≈≈.≈............


You could see an eight-headed hydra, a torpor snail, a black mamba, a spiny
frog, a crocodile and a bullfrog.

Vanquished Creatures
  Gastronok (Lair:1)
  A frost giant (IceCv)
  3 hydras
  Erica (D:9)
  2 two-headed ogres
  The ghost of MalarOregon the Nimble, a novice MfNe of Wu Jian (D:9)
  A cyclops (D:11)
  A guardian serpent (Lair:3)
  4 elephants (Lair:3)
  Joseph (D:7)
  2 spectral centaurs (D:9)
  An ice statue (IceCv)
  3 black mambas
  18 spiny frogs
  A gargoyle (D:11)
  2 rime drakes (Lair:1)
  A kobold demonologist (D:11)
  5 komodo dragons
  19 polar bears
  A hornet (D:10)
  The ghost of tidbits the Charmwright, an amateur GnSk of Cheibriados (D:5)
  4 trolls
  Prince Ribbit (D:7)
  23 blink frogs
  5 hippogriffs
  2 tyrant leeches (Lair:6)
  A bog body (Lair:4)
  A centaur simulacrum (D:9)
  3 wyverns
  38 yaks
  5 basilisks
  A hungry ghost (D:7)
  4 vampire mosquitoes (Lair:6)
  Menkaure (D:7)
  5 porcupines
  Duvessa (D:7)
  10 water moccasins
  4 ice beasts
  3 orc warriors
  3 sky beasts
  7 ogres
  25 wolves
  2 eyes of draining (D:10)
  A necrophage (D:5)
  5 phantoms
  3 centaurs
  11 crocodiles
  3 big kobolds
  18 bullfrogs
  Dowan (D:7)
  6 scorpions
  6 killer bees (D:11)
  17 wights
  2 howler monkeys
  7 crimson imps
  3 electric eels (Lair:6)
  3 spectral bullfrogs (D:9)
  A bullfrog zombie (D:5)
  3 quasits
  3 jellies
  9 orc priests
  2 hounds
  Crazy Yiuf (D:4)
  A bullfrog skeleton (D:4)
  A centaur skeleton (D:9)
  3 iguanas
  Terence (D:3)
  12 orc wizards
  7 worker ants
  A killer bee zombie (D:5)
  A bullfrog simulacrum (D:9)
  2 hound skeletons
  A hound zombie (D:8)
  A howler monkey zombie (D:9)
  A worker ant zombie (D:9)
  5 gnolls
  3 river rats (Sewer)
  9 adders
  2 shadow imps
  4 oozes
  An adder zombie (D:7)
  A worm (D:2)
  3 dart slugs
  6 leopard geckos
  33 orcs
  5 bats
  11 giant cockroaches
  10 hobgoblins
  12 jackals
  4 quokkas
  2 ball pythons
  6 frilled lizards
  A giant cockroach zombie (D:5)
  5 goblins (D:1)
  A jackal skeleton (D:6)
  16 kobolds
  A quokka skeleton (D:4)
  5 rats
  A spectral orc (D:8)
503 creatures vanquished.

Vanquished Creatures (collateral kills)
  A centaur skeleton (D:4)
1 creature vanquished.

Vanquished Creatures (others)
  A bush (Lair:6)
  10 fungi (Lair:6)
  36 plants (Lair:6)
47 creatures vanquished.

Grand Total: 551 creatures vanquished

Notes
Turn   | Place    | Note
-------+----------+-------------------------------------------
     0 | D:1      | ohad the Octopode Transmuter began the quest for the Orb.
     0 | D:1      | Reached XP level 1. HP: 13/13 MP: 3/3
   169 | D:1      | Reached XP level 2. HP: 17/18 MP: 3/5
   698 | D:1      | Reached XP level 3. HP: 15/23 MP: 4/6
  1225 | D:2      | Learned a level 2 spell: Sticks to Snakes
  1229 | D:2      | Learned a level 3 spell: Spider Form
  1250 | D:2      | Found a bloodstained altar of Trog.
  1321 | D:2      | Found a sparkling altar of Nemelex Xobeh.
  1815 | D:2      | Reached XP level 4. HP: 12/28 MP: 5/7
  2093 | D:3      | Found a glowing drain.
  2102 | Sewer    | Entered a sewer
  2213 | Sewer    | Noticed a big kobold
  2226 | Sewer    | Killed a big kobold
  2226 | Sewer    | Reached skill level 5 in Transmutations
  2226 | Sewer    | Reached XP level 5. HP: 15/33 MP: 8/8
  2293 | Sewer    | Found a glowing silver altar of Zin.
  2336 | D:3      | Noticed Terence
  2352 | D:3      | Killed Terence
  2571 | D:3      | Found an iron altar of Okawaru.
  2573 | D:3      | Reached XP level 6. HP: 38/38 MP: 2/9
  2661 | D:3      | Became a worshipper of Warmaster Okawaru
  3015 | D:4      | Found a shimmering altar of Xom.
  3015 | D:4      | Noticed a phantom
  3059 | D:4      | Found a shimmering altar of Xom.
  3285 | D:4      | Found a runed translucent door.
  3286 | D:4      | Noticed Crazy Yiuf
  3297 | D:4      | Killed Crazy Yiuf
  3560 | D:4      | Reached XP level 7. HP: 43/43 MP: 5/10
  3627 | D:4      | Reached * piety under Okawaru
  3650 | D:4      | Learned a level 4 spell: Ice Form
  3763 | D:4      | Found an ancient bone altar of Kikubaaqudgha.
  3802 | D:4      | Reached skill level 1 in Ice Magic
  3823 | D:4      | Found a staircase to the Ecumenical Temple.
  3846 | D:5      | Entered Level 5 of the Dungeon
  3852 | D:5      | Found Rydwal's Weapon Shoppe.
  3865 | D:5      | Found Voujuk Koce's Book Shoppe.
  3933 | D:5      | Reached skill level 1 in Invocations
  3959 | D:5      | Found Xanner's Armour Emporium.
  4097 | D:5      | Found Piomoqaw's General Store.
  4101 | D:5      | Reached XP level 8. HP: 46/48 MP: 11/11
  4130 | D:5      | Bought a potion of might for 56 gold pieces
  4172 | D:5      | Found a glowing silver altar of Zin.
  4233 | D:5      | Found Hojuenos's Book Boutique.
  4271 | D:5      | Reached skill level 4 in Unarmed Combat
  4343 | D:5      | Found a runed translucent door.
  4343 | D:5      | Noticed tidbits's ghost (amateur GnSk)
  4358 | D:5      | Killed tidbits's ghost
  4358 | D:5      | Reached ** piety under Okawaru
  4358 | D:5      | Reached skill level 5 in Unarmed Combat
  4693 | D:6      | Noticed a troll
  4727 | D:6      | Reached skill level 6 in Unarmed Combat
  4770 | D:6      | Reached skill level 7 in Unarmed Combat
  4821 | D:6      | Killed a troll
  4821 | D:6      | Reached XP level 9. HP: 31/53 MP: 5/12
  4991 | D:6      | Reached *** piety under Okawaru
  5374 | D:7      | Found a stormy altar of Qazlal.
  5410 | D:7      | Noticed Joseph
  5424 | D:7      | Killed Joseph
  5666 | D:7      | Reached skill level 5 in Dodging
  5751 | D:7      | Noticed Prince Ribbit
  5807 | D:7      | Noticed Menkaure
  5820 | D:7      | Killed Menkaure
  5899 | D:7      | Noticed Duvessa
  5899 | D:7      | Noticed Dowan
  5908 | D:7      | Killed Duvessa
  5908 | D:7      | Reached skill level 8 in Unarmed Combat
  5911 | D:7      | Killed Dowan
  5911 | D:7      | Reached XP level 10. HP: 51/65 MP: 13/13
  5967 | D:7      | Found a shattered altar of Ashenzari.
  5980 | D:7      | Killed Prince Ribbit
  6046 | D:7      | Reached skill level 13 in Unarmed Combat
  6046 | D:7      | Reached XP level 11. HP: 70/70 MP: 14/14
  6444 | D:8      | Found a basalt altar of Yredelemnul.
  6554 | D:8      | Reached skill level 5 in Fighting
  6640 | D:8      | Reached **** piety under Okawaru
  6756 | D:9      | Found a stormy altar of Qazlal.
  6831 | D:9      | Found a staircase to the Orcish Mines.
  7018 | D:9      | Noticed a two-headed ogre
  7030 | D:9      | Killed a two-headed ogre
  7125 | D:9      | Found a runed translucent gate.
  7127 | D:9      | Found a runed translucent gate.
  7128 | D:9      | Found a runed translucent gate.
  7130 | D:9      | Noticed MalarOregon's ghost (novice MfNe)
  7190 | D:9      | Killed MalarOregon's ghost
  7190 | D:9      | Reached ***** piety under Okawaru
  7262 | D:9      | Found a sacrificial altar of Ru.
  7341 | D:9      | Found a shadowy altar of Dithmenos.
  7407 | D:9      | Received a gift from Okawaru
  7464 | D:9      | Found a white marble altar of Elyvilon.
  7703 | D:9      | Noticed Erica
  7713 | D:9      | Killed Erica
  7837 | D:10     | Entered Level 10 of the Dungeon
  8127 | D:10     | Reached XP level 12. HP: 84/84 MP: 15/15
  8134 | D:10     | Learned a level 5 spell: Blade Hands
  8454 | D:10     | Reached skill level 1 in Stealth
  8575 | D:10     | HP: 2/100 [yak (13)]
  8781 | D:10     | Paralysed by a hornet for 3 turns
  9003 | D:10     | Reached skill level 5 in Stealth
  9709 | D:11     | Noticed a two-headed ogre
  9860 | D:11     | Killed a two-headed ogre
 10122 | D:11     | Found a staircase to the Lair.
 10266 | D:11     | Received a gift from Okawaru
 10627 | D:5      | Bought a book of Frost for 350 gold pieces
 10786 | Lair:1   | Entered Level 1 of the Lair of Beasts
 10915 | Lair:1   | Found a frozen archway.
 10940 | Lair:1   | Learned a level 3 spell: Ozocubu's Armour
 10989 | IceCv    | Entered an ice cave
 11000 | IceCv    | Reached skill level 1 in Charms
 11565 | IceCv    | Reached XP level 13. HP: 90/90 MP: 18/18
 11624 | IceCv    | Reached skill level 5 in Invocations
 11857 | IceCv    | Noticed a frost giant
 11870 | IceCv    | Received a gift from Okawaru
 11884 | IceCv    | Killed a frost giant
 11887 | IceCv    | Reached ****** piety under Okawaru
 12202 | Lair:1   | Noticed Gastronok
 12221 | Lair:1   | Killed Gastronok
 12916 | Lair:2   | Received a gift from Okawaru
 12926 | Lair:2   | Reached skill level 10 in Dodging
 13810 | Lair:3   | Reached skill level 10 in Fighting
 13872 | Lair:3   | Found a staircase to the Snake Pit.
 14187 | Lair:3   | Reached XP level 14. HP: 99/99 MP: 19/19
 14753 | Lair:4   | Found a staircase to the Swamp.
 15259 | Lair:4   | Found a dark tunnel.
 15470 | Lair:5   | Found an iron altar of Okawaru.
 16012 | Lair:5   | Received a gift from Okawaru
 16139 | Lair:6   | Entered Level 6 of the Lair of Beasts
 16211 | Lair:6   | Reached skill level 14 in Unarmed Combat
 16751 | Lair:6   | Reached skill level 15 in Unarmed Combat
 17187 | Lair:6   | Found a transporter.
 17196 | Lair:6   | HP: 2/118 [eight-headed hydra (10)]
 17196 | Lair:6   | Mangled by an eight-headed hydra

Skill      XL: |  1  2  3  4  5  6  7  8  9 10 11 12 13 14 |
---------------+-------------------------------------------+-----
Transmutations | 3 4 5 6 7 8 |  8.0
Ice Magic      | 2 4 |  4.3
Invocations    | 3 7 |  7.8
Unarmed Combat | 7 8 13 15 | 15.1
Fighting       | 4 8 9 10 | 10.8
Dodging        | 6 8 10 | 10.5
Stealth        | 8 |  8.0
Spellcasting   | 3 |  3.6
Charms         | 4 |  4.2

Action                   |  1- 3 |  4- 6 |  7- 9 | 10-12 | 13-15 || total
-------------------------+-------+-------+-------+-------+-------++-------
Melee: Unarmed           |    85 |   169 |   196 |   524 |   575 ||  1549
       Constrict         |    24 |    16 |    11 |     3 |       ||    54
       Kick              |    13 |     6 |       |       |       ||    19
       Tentacles         |    10 |    12 |     8 |     5 |     1 ||    36
       Punch             |     1 |     1 |       |     3 |     1 ||     6
       Dagger            |       |     2 |    34 |       |       ||    36
 Cast: Beastly Appendage |    15 |     9 |       |       |       ||    24
       Spider Form       |     5 |    17 |     2 |     2 |     1 ||    27
       Sticks to Snakes  |       |     1 |     1 |     1 |     3 ||     6
       Ice Form          |       |       |    18 |    46 |    45 ||   109
       Ozocubu's Armour  |       |       |       |     2 |    21 ||    23
Invok: Heroism           |       |       |     8 |     8 |    10 ||    26
 Abil: End Transformatio |       |       |       |     2 |     2 ||     4
  Use: Scroll            |       |     3 |     9 |     3 |     7 ||    22
       Potion            |       |       |       |     2 |     1 ||     3
 Stab: Sleeping          |     8 |     3 |     4 |     5 |     8 ||    28
  Eat: Chunk             |     3 |     9 |    13 |    21 |    16 ||    62
       Ration            |       |       |       |     3 |     3 ||     6
Armor: Skin              |     7 |    10 |    48 |   120 |   186 ||   371
Dodge: Dodged            |    45 |   170 |   113 |   357 |   507 ||  1192
